 Dungeon Crawl Stone Soup version 0.29.0-4-gdea44cf6ec (webtiles) character file.

Game seed: 5112562591371522332

93760 qw the Severer (level 16, -3/97 HPs)
             Began as a Tengu Warper on Aug 28, 2022.
             Was a High Priest of Okawaru.
             Slain by an orc knight
             ... wielding a +0 war axe
              (17 damage)
             ... on level 2 of the Orcish Mines.
             The game lasted 00:03:56 (26684 turns).

qw the Severer (Tengu Warper)                      Turns: 26684, Time: 00:03:56

Health: -3/97      AC: 27    Str: 26    XL:     16   Next: 9%
Magic:  24/24      EV: 18    Int: 14    God:    Okawaru [*****.]
Gold:   2435       SH: 31    Dex: 15    Spells: 19/19 levels left

rFire   + . .      SeeInvis .   d - +2 broad axe (drain)
rCold   + . .      Faith    .   n - +5 tower shield of Focus {Str+5}
rNeg    + . .      Spirit   .   k - +3 plate armour
rPois   +          Reflect  +   (helmet restricted)
rElec   .          Harm     .   s - scarf {rC+ rF+}
rCorr   .          Rampage  .   j - +2 pair of gloves
Will    +....                   (boots unavailable)
Stlth   ..........              q - amulet of reflection
HPRegen 0.26/turn               i - ring "Umoewn" {*Slow rPois rN+ EV+4 Str+3}
MPRegen 0.19/turn               h - +4 ring of protection

@: about to teleport, heroic, flying quickly and evasively, slowed, very slow
A: beak, talons 3, nimble flight
a: Renounce Religion, Heroism, Finesse, Duel


You were on level 2 of the Orcish Mines.
You worshipped Okawaru.
Okawaru was extremely pleased with you.
You visited 4 branches of the dungeon, and saw 23 of its levels.

You collected 2435 gold pieces.


Innate Abilities, Weirdness & Mutations

You have a beak for a mouth.
You have claws for feet.
Your magical nature lets you fly swiftly and evasively.


   Skills:
 + Level 9.8(14.8) Fighting
 - Level 18.0(23.0) Axes
 - Level 5.1(10.1) Throwing
 - Level 9.0(14.0) Armour
 - Level 7.1(12.1) Dodging
 - Level 14.6(19.6) Shields
 - Level 2.0 Spellcasting
 - Level 2.4 Translocations
 - Level 10.0 Invocations


You had 19 spell levels left.
You didn't know any spells.
Your spell library contained the following spells:

 Spells                   Type           Power      Damage    Failure   Level
 Blink                    Tloc           16%        N/A       91%         2
 Gell's Gravitas          Tloc           8%         N/A       99%         3
 Lesser Beckoning         Tloc           8%         N/A       99%         3
 Teleport Other           Tloc           8%         N/A       99%         3
 Manifold Assault         Tloc           8%         N/A       100%        5

Inventory:

Hand Weapons
 d - a +2 broad axe of draining (weapon)
 f - a +3 morningstar
Missiles
 o - 9 javelins (quivered)
 r - 3 silver boomerangs
 u - 3 boomerangs of dispersal
 v - 3 boomerangs
Armour
 e - a +1 cloak of preservation
 j - a +2 pair of gloves (worn)
 k - a +3 plate armour (worn)
 n - the +5 tower shield of Focus (worn) {Str+5}
   (Okawaru gifted it to you on level 2 of the Lair of Beasts)

   Str:       It affects your strength (+5).
 s - a scarf of resistance (worn)
 t - a +1 chain mail of fire resistance
Jewellery
 h - a +4 ring of protection (right hand)
 i - the ring "Umoewn" (left hand) {*Slow rPois rN+ EV+4 Str+3}
   (You found it on level 2 of the Lair of Beasts)

   [ring of evasion]

   EV:        It affects your evasion (+4).
   Str:       It affects your strength (+3).
   rPois:     It protects you from poison.
   rN:        It protects you from negative energy.
   *Slow:     It may slow you when you take damage.
 p - a ring of protection from fire
 q - an amulet of reflection (around neck)
Scrolls
 a - 7 scrolls of identify
 w - 2 scrolls of teleportation
Potions
 b - 5 potions of curing
 c - 4 potions of mutation
 g - 5 potions of might
 l - a potion of resistance
 m - 2 potions of magic

Dungeon Overview and Level Annotations

Branches:
Dungeon (15/15) Temple (1/1) D:4 Lair (5/5) D:10 Shoals (0/4) Lair:2 Spider (0/4) Lair:3 Slime (0/5) Lair:4 Orc (2/2) D:9 Elf (0/3) Orc:1 Orc:2 Vaults (0/5) D:13 Depths (0/4) D:15

Altars:
Ashenzari
Cheibriados
Dithmenos
Elyvilon
Fedhas
Gozag
Hepliaklqana
Kikubaaqudgha
Makhleb
Nemelex Xobeh
Okawaru
Qazlal
Ru
Sif Muna
Trog
Uskayaw
Vehumet
Wu Jian
Xom
Yredelemnul
Zin
The Shining One
Jiyva

Portals:
Trove: D:13 (give 17 potions of curing)

Annotations:
D:13 2 transporters, Liimbo's ghost, journeyman FoWn


Message History

You block the orc warrior's attack.
The orc knight hits you with a +0 war axe.
You feel yourself slow down. You block the orc knight's attack.
The orc high priest closely misses you.
The orange demon stings you but does no damage.
You barely miss the orc high priest.
You claw the orc high priest, but do no damage.
You peck the orc high priest, but do no damage.
The orc high priest is heavily wounded.
You hit the orc knight but do no damage.
You slash the orc knight!
The orc warrior no longer looks unusually strong.
You block the orc warrior's attack.
The orc knight roars a battlecry!
The orc warrior goes into a battle-frenzy!
The orc knight roars a battlecry!
The orc knight goes into a battle-frenzy!
The orc high priest calls upon Beogh to heal the orc knight.
The orc knight is healed somewhat.
You block the orange demon's attack.
You hit the orc knight but do no damage.
You claw the orc knight!
You peck the orc knight, but do no damage.
The orc knight is almost dead.
You hit the orc knight. You drain the orc knight. You hit the orc high priest.
You drain the orc high priest. You block the orc warrior's attack.
You block the orc knight's attack. x2
The orc high priest hits you but does no damage.
You block the orange demon's attack.
You hit the orc knight but do no damage.
You claw the orc knight, but do no damage.
The orc knight is almost dead.
You hit the orc high priest but do no damage.
You drain the orc high priest.
You hit the orc knight but do no damage.
The orc warrior closely misses you. You block the orc knight's attack. x2
You block the orc high priest's attack. The orange demon stings you from afar.
You block the orc warrior's attack. The orc knight barely misses you.
The orc high priest hits you with a +0 long sword.
The orc knight hits you with a +0 war axe!
You die...

#....#.#...# ##
#...#..#... ...##
#.........#####
.....##..........#..####
......#.........#....#.#
#.#.#.#(................
.......................#
.....oo)..............##
.....4o@...............#
#.#.#.#o................
.. #)................
... #)......^......)..
... #.)............)).
.# #..............).#
#.......##...#....
###..######.#....# #...#
####....


You could see 2 orc knights, an orc high priest (strong, drained), an orange
demon (summoned) and an orc warrior (strong).

Vanquished Creatures
  Gastronok (D:8)
  Agnes (D:15)
  An orc warlord (Orc:1)
  3 dire elephants (Lair:5)
  Snorg (Lair:3)
  8 hydras
  8 vault guards (D:13)
  5 boulder beetles
  An ogre mage (D:12)
  Erica (D:11)
  A two-headed ogre (D:13)
  5 centaur warriors
  A death knight (D:12)
  A tengu warrior (D:14)
  19 death yaks
  Urug (D:11)
  A spectral anaconda (Lair:5)
  3 skeletal warriors (D:14)
  2 spectral death yaks (Lair:5)
  5 necromancers
  An obsidian statue (Lair:5)
  An ugly thing (D:12)
  2 deep elf pyromancers (D:13)
  2 orc knights
  6 orc sorcerers
  2 cyclopes
  7 manticores
  An oklob plant (Lair:4)
  A black mamba (shapeshifter) (D:15)
  15 elephants
  2 centaur zombies (D:15)
  Joseph (D:9)
  A naga mage (D:15)
  An eye of devastation (Lair:4)
  5 black mambas
  3 gargoyles
  2 torpor snails (Lair:5)
  14 cane toads
  4 unseen horrors (D:12)
  3 komodo dragons
  A rime drake (Lair:1)
  A kobold demonologist (D:12)
  An efreet (D:15)
  A wolf spider simulacrum (D:15)
  6 trolls
  Grinder (D:4)
  4 meliai
  2 polar bears
  A wind drake (Lair:2)
  A hornet (D:9)
  2 meliai zombies (D:15)
  5 slime creatures (D:14)
  11 blink frogs
  4 dream sheep (Lair:4)
  A dire elephant simulacrum (Lair:5)
  A vampire (D:9)
  A shadow (D:12)
  32 yaks
  2 wraiths
  3 wyverns
  4 basilisks
  Eustachio (D:5)
  A steam dragon (D:9)
  2 death yak simulacra (Lair:5)
  A vampire mosquito (D:12)
  5 wargs
  A spectral cane toad (Lair:5)
  An acid dragon (D:11)
  8 water moccasins
  A floating eye (Lair:4)
  28 orc warriors
  An ice beast (D:4)
  2 sky beasts
  4 black bears
  An elephant zombie (Lair:5)
  12 wolves
  4 ogres
  12 centaurs
  A phantom (D:3)
  3 elephant skeletons (Lair:5)
  4 kobold brigands
  8 bullfrogs
  A gnoll sergeant (D:8)
  A necrophage (D:6)
  2 scorpions
  7 wights
  2 elephant simulacra (Lair:5)
  13 killer bees
  An electric eel (Lair:4)
  3 howler monkeys
  2 gnoll boudas (D:5)
  4 hounds
  30 orc priests
  4 jellies
  3 iguanas
  6 hell rats
  27 orc wizards
  14 gnolls
  15 adders
  2 shadow imps
  2 white imps (D:8)
  2 ufetubi
  A worm (D:2)
  3 dart slugs
  69 orcs
  7 bats
  6 endoplasms
  4 giant cockroaches
  5 goblins
  6 hobgoblins
  28 kobolds
  5 ball pythons
  5 frilled lizards
  2 rats
  2 fire vortices (Orc:1)
613 creatures vanquished.

Vanquished Creatures (others)
  Nessos (D:13)
  A wizard (D:14)
  An elephant (Lair:5)
  17 fungi
  29 plants
  17 withered plants (Lair:5)
66 creatures vanquished.

Grand Total: 679 creatures vanquished

Notes
Turn   | Place    | Note
-------+----------+-------------------------------------------
     0 | D:1      | qw the Tengu Warper began the quest for the Orb.
     0 | D:1      | Reached XP level 1. HP: 12/12 MP: 4/4
     0 | D:1      | 0 ||| qw: Version: 0.1-a-89-g26bdef1
     0 | D:1      | 0 ||| qw: Game counter: 3419
     0 | D:1      | 0 ||| qw: Always use a shield: true
     0 | D:1      | 0 ||| qw: God list: Okawaru
     0 | D:1      | 0 ||| qw: Allow faded altars: false
     0 | D:1      | 0 ||| qw: Do Orc after D:15 true
     0 | D:1      | 0 ||| qw: Do second Lair branch before Depths: true
     0 | D:1      | 0 ||| qw: Lair rune preference: random
     0 | D:1      | 0 ||| qw: Plans: Normal
     0 | D:1      | 0 ||| PLANNING D:1-11
   294 | D:1      | 294 ||| Stepping ~*~*~tactically~*~*~ (hiding).
   304 | D:1      | Reached XP level 2. HP: 13/17 MP: 6/6
   398 | D:1      | Reached skill level 3 in Axes
   645 | D:1      | 645 ||| Stepping ~*~*~tactically~*~*~ (stealth).
   647 | D:1      | 647 ||| Stepping ~*~*~tactically~*~*~ (stealth).
   686 | D:1      | 686 ||| UPGRADING to +0 ring mail.
   696 | D:1      | 696 ||| DROPPING +0 leather armour.
   697 | D:1      | 697 ||| UPGRADING to +0 pair of gloves.
   702 | D:1      | 702 ||| READING 2 scrolls labelled DAXZASEGEU.
   703 | D:1      | 703 ||| READING scroll labelled LUDOVO SALITIW.
   706 | D:1      | 706 ||| DRINKING 2 coppery potions.
   707 | D:1      | 707 ||| DROPPING scroll of blinking.
   756 | D:2      | 756 ||| STAIRDANCE
   957 | D:2      | 957 ||| SWAPPING to +0 war axe.
   970 | D:2      | Reached XP level 3. HP: 12/21 MP: 7/7
  1113 | D:2      | 1113 ||| DROPPING +0 hand axe.
  1123 | D:2      | Identified the +1 ring mail "Keroen" {Rampage Regen+}
  1147 | D:2      | Reached skill level 4 in Axes
  1781 | D:2      | 1781 ||| UPGRADING to +1 ring mail "Keroen" {Rampage
                  | Regen+}.
  1791 | D:2      | 1791 ||| DROPPING +0 ring mail.
  1792 | D:2      | 1792 ||| UPGRADING to +0 plate armour.
  1802 | D:2      | 1802 ||| DROPPING +1 ring mail "Keroen" {Rampage Regen+}.
  1803 | D:2      | 1803 ||| READING scroll labelled BEIHYT NIWI.
  1804 | D:2      | 1804 ||| READING 2 scrolls labelled ILEQAP AFEFRE.
  1805 | D:2      | 1805 ||| READING scroll of enchant weapon.
  1805 | D:2      | 1805 ||| ENCHANTING +1 war axe.
  1806 | D:2      | 1806 ||| READING scroll labelled BOEL UPPIA.
  1807 | D:2      | 1807 ||| READING scroll labelled EGOBIY WUBLESO.
  1808 | D:2      | 1808 ||| READING 3 scrolls of identify.
  1808 | D:2      | 1808 ||| IDENTIFYING fizzy silvery potion
  1809 | D:2      | 1809 ||| READING 2 scrolls of identify.
  1809 | D:2      | 1809 ||| IDENTIFYING sedimented puce potion
  1810 | D:2      | 1810 ||| DROPPING potion of brilliance.
  1811 | D:2      | 1811 ||| DROPPING potion of flight.
  1812 | D:2      | 1812 ||| Stepping randomly (stuck).
  1813 | D:2      | 1813 ||| Stepping ~*~*~tactically~*~*~ (cloud).
  1814 | D:2      | 1814 ||| DRINKING potion of curing.
  1814 | D:2      | 1814 ||| (to cure poison)
  1932 | D:3      | 1932 ||| Stepping ~*~*~tactically~*~*~ (stealth).
  1933 | D:3      | 1933 ||| Stepping ~*~*~tactically~*~*~ (stealth).
  1939 | D:3      | 1939 ||| Stepping ~*~*~tactically~*~*~ (stealth).
  1948 | D:3      | 1948 ||| Stepping ~*~*~tactically~*~*~ (stealth).
  1949 | D:3      | 1949 ||| Stepping ~*~*~tactically~*~*~ (stealth).
  1952 | D:3      | Reached XP level 4. HP: 26/26 MP: 8/8
  2041 | D:3      | You fall into a shaft and drop 2 floors!
  2041 | D:5      | Entered Level 5 of the Dungeon
  2041 | D:5      | Found a white marble altar of Elyvilon.
  2065 | D:5      | 2065 ||| UPGRADING to +4 ring of protection.
  2066 | D:5      | 2066 ||| READING scroll labelled FAIDUANOSE.
  2081 | D:4      | Reached skill level 5 in Axes
  2081 | D:4      | Gained mutation: Your magical nature lets you fly swiftly
                  | and evasively. [Tengu growth]
  2081 | D:4      | Reached XP level 5. HP: 30/30 MP: 9/9
  2175 | D:4      | Noticed Grinder
  2182 | D:4      | Paralysed by Grinder for 4 turns
  2187 | D:4      | HP: 7/30 [Grinder/nerve-wracking pain (4)]
  2190 | D:4      | HP: 2/30 [Grinder/nerve-wracking pain (4)]
  2191 | D:4      | Killed Grinder
  2192 | D:4      | Reached skill level 6 in Axes
  2192 | D:4      | Reached XP level 6. HP: 2/35 MP: 10/10
  2581 | D:4      | Reached skill level 3 in Armour
  2636 | D:4      | 2636 ||| READING scroll labelled WATWAD RUL LEE.
  2637 | D:4      | 2637 ||| READING scroll labelled ZUGYANW EMMOUR.
  2777 | D:4      | 2777 ||| READING 2 scrolls of identify.
  2777 | D:4      | 2777 ||| IDENTIFYING clear potion
  2788 | D:3      | Reached skill level 7 in Axes
  2820 | D:3      | 2820 ||| Stepping ~*~*~tactically~*~*~ (stealth).
  2878 | D:3      | Found a faded altar of an unknown god.
  2918 | D:3      | Reached skill level 3 in Fighting
  2918 | D:3      | Reached XP level 7. HP: 19/41 MP: 11/11
  3411 | D:4      | 3411 ||| Stepping ~*~*~tactically~*~*~ (stealth).
  3435 | D:4      | 3435 ||| DROPPING +0 club.
  3783 | D:4      | 3783 ||| Stepping ~*~*~tactically~*~*~ (hiding).
  3913 | D:4      | 3913 ||| READING scroll of enchant armour.
  3913 | D:4      | 3913 ||| ENCHANTING +0 pair of gloves.
  3953 | D:4      | Found a staircase to the Ecumenical Temple.
  3954 | D:4      | 3954 ||| PLANNING TEMPLE
  3954 | D:4      | 3954 ||| UPGRADING to +0 buckler.
  3959 | D:4      | 3959 ||| READING scroll labelled FEOCAN BUARY.
  3960 | D:4      | 3960 ||| READING 3 scrolls of identify.
  3960 | D:4      | 3960 ||| IDENTIFYING glowing sapphire potion
  3961 | D:4      | 3961 ||| DROPPING potion of ambrosia.
  3970 | Temple   | Entered the Ecumenical Temple
  4109 | Temple   | Became a worshipper of Warmaster Okawaru
  4212 | Temple   | 4212 ||| PLANNING D:1-11
  4572 | D:5      | Reached skill level 1 in Shields
  4592 | D:5      | 4592 ||| Stepping ~*~*~tactically~*~*~ (hiding).
  4599 | D:5      | Noticed Eustachio
  4611 | D:5      | HP: 7/41 [gnoll/+0 halberd[a gnoll bouda] (6)]
  4612 | D:5      | 4612 ||| READING scroll of teleportation.
  4615 | D:5      | HP: 1/41 [Eustachio/+0 rapier (3)]
  4616 | D:5      | Reached skill level 8 in Axes
  4942 | D:5      | 4942 ||| Stepping ~*~*~tactically~*~*~ (hiding).
  4944 | D:5      | 4944 ||| Stepping ~*~*~tactically~*~*~ (hiding).
  4945 | D:5      | 4945 ||| Stepping ~*~*~tactically~*~*~ (hiding).
  5047 | D:5      | 5047 ||| FLEEEEING.
  5056 | D:5      | 5056 ||| STAIRDANCE
  5141 | D:5      | Killed Eustachio
  5142 | D:5      | Reached XP level 8. HP: 22/46 MP: 12/12
  5355 | D:5      | 5355 ||| Stepping ~*~*~tactically~*~*~ (hiding).
  5356 | D:5      | 5356 ||| FLEEEEING.
  5367 | D:5      | 5367 ||| FLEEEEING.
  5368 | D:5      | 5368 ||| FLEEEEING.
  5369 | D:5      | 5369 ||| FLEEEEING.
  5370 | D:5      | 5370 ||| FLEEEEING.
  5371 | D:5      | 5371 ||| FLEEEEING.
  5372 | D:5      | 5372 ||| FLEEEEING.
  5383 | D:5      | 5383 ||| Stepping ~*~*~tactically~*~*~ (hiding).
  5558 | D:5      | 5558 ||| Stepping ~*~*~tactically~*~*~ (hiding).
  5748 | D:5      | 5748 ||| DROPPING +0 whip.
  5764 | D:5      | Reached * piety under Okawaru
  5993 | D:5      | 5993 ||| READING scroll of enchant armour.
  5993 | D:5      | 5993 ||| ENCHANTING +1 pair of gloves.
  6048 | D:5      | 6048 ||| READING scroll labelled TAARUF OHOANYCS.
  6128 | D:6      | Found a shadowy altar of Dithmenos.
  6142 | D:6      | 6142 ||| INVOKING Heroism.
  6151 | D:6      | Reached skill level 9 in Axes
  6151 | D:6      | Reached skill level 1 in Invocations
  6323 | D:6      | Noticed a wraith
  6335 | D:6      | 6335 ||| INVOKING Heroism.
  6341 | D:6      | Killed a wraith
  6564 | D:6      | 6564 ||| INVOKING Heroism.
  6567 | D:6      | Reached skill level 3 in Invocations
  6656 | D:6      | 6656 ||| INVOKING Heroism.
  6659 | D:6      | Reached XP level 9. HP: 49/52 MP: 10/13
  6681 | D:6      | 6681 ||| INVOKING Heroism.
  6705 | D:6      | 6705 ||| INVOKING Heroism.
  6953 | D:6      | 6953 ||| UPGRADING to +6 ring of dexterity.
  6954 | D:6      | 6954 ||| READING scroll labelled OPSIN YBOHIOTU.
  6955 | D:6      | 6955 ||| READING scroll labelled DONUCIPSAA.
  6956 | D:6      | 6956 ||| DRINKING 2 emerald potions.
  6957 | D:6      | 6957 ||| READING 3 scrolls of identify.
  6957 | D:6      | 6957 ||| IDENTIFYING fuming golden potion
  6958 | D:6      | 6958 ||| Stepping randomly (stuck).
  7149 | D:6      | 7149 ||| Stepping randomly (stuck).
  7232 | D:7      | 7232 ||| INVOKING Heroism.
  7241 | D:7      | Reached skill level 10 in Axes
  7308 | D:7      | 7308 ||| READING scroll of enchant armour.
  7308 | D:7      | 7308 ||| ENCHANTING +0 plate armour.
  7344 | D:7      | Found a broken altar of Ashenzari.
  7477 | D:7      | 7477 ||| Stepping ~*~*~tactically~*~*~ (stealth).
  7486 | D:7      | Reached ** piety under Okawaru
  7487 | D:7      | Reached skill level 3 in Dodging
  7501 | D:7      | Reached skill level 3 in Shields
  7547 | D:7      | 7547 ||| INVOKING Heroism.
  7819 | D:7      | 7819 ||| INVOKING Heroism.
  7873 | D:7      | 7873 ||| UPGRADING to amulet of the acrobat.
  7878 | D:7      | 7878 ||| DROPPING amulet of magic regeneration.
  7879 | D:7      | 7879 ||| DROPPING ring of positive energy.
  7880 | D:7      | 7880 ||| READING scroll labelled COFUOM WUUCE.
  7880 | D:7      | Identified a scroll of acquirement
  7880 | D:7      | 7880 ||| ACQUIRING +5 kite shield of Uvathene {+Blink rPois
                  | Dex-2}
  7880 | D:7      | Acquired the +5 kite shield of Uvathene {+Blink rPois
                  | Dex-2}
  7882 | D:7      | 7882 ||| UPGRADING to +5 kite shield of Uvathene {+Blink
                  | rPois Dex-2}.
  7892 | D:7      | 7892 ||| DROPPING +0 buckler.
  7893 | D:7      | 7893 ||| READING scroll labelled WOEPRA XIAB.
  7894 | D:7      | 7894 ||| READING scroll labelled ZAEPRY AGIPOWI.
  7995 | D:7      | 7995 ||| DRINKING 3 fizzy grey potions.
  7996 | D:7      | 7996 ||| READING 4 scrolls of identify.
  7996 | D:7      | 7996 ||| IDENTIFYING fizzy white potion
  7997 | D:7      | 7997 ||| READING 3 scrolls of identify.
  7997 | D:7      | 7997 ||| IDENTIFYING brown potion
  7998 | D:7      | 7998 ||| DROPPING 2 potions of attraction.
  7999 | D:7      | 7999 ||| DROPPING potion of degeneration.
  8049 | D:8      | 8049 ||| INVOKING Heroism.
  8083 | D:8      | 8083 ||| Stepping ~*~*~tactically~*~*~ (hiding).
  8086 | D:8      | 8086 ||| Stepping ~*~*~tactically~*~*~ (hiding).
  8375 | D:8      | 8375 ||| INVOKING Heroism.
  8483 | D:8      | 8483 ||| Stepping ~*~*~tactically~*~*~ (hiding).
  8521 | D:8      | Reached XP level 10. HP: 59/59 MP: 14/14
  8563 | D:8      | 8563 ||| INVOKING Heroism.
  8564 | D:8      | 8564 ||| Stepping ~*~*~tactically~*~*~ (stealth).
  8576 | D:8      | Reached skill level 6 in Shields
  8679 | D:8      | Reached *** piety under Okawaru
  8986 | D:8      | Noticed Gastronok
  8987 | D:8      | 8987 ||| INVOKING Heroism.
  8999 | D:8      | Killed Gastronok
  8999 | D:8      | Reached **** piety under Okawaru
  9000 | D:8      | Reached skill level 11 in Axes
  9186 | D:8      | 9186 ||| DRINKING 3 gluggy clear potions.
  9187 | D:8      | 9187 ||| READING 2 scrolls of identify.
  9187 | D:8      | 9187 ||| IDENTIFYING red potion
  9188 | D:8      | 9188 ||| DROPPING 2 potions of invisibility.
  9279 | D:9      | 9279 ||| INVOKING Heroism.
  9521 | D:9      | 9521 ||| Stepping ~*~*~tactically~*~*~ (hiding).
  9522 | D:9      | 9522 ||| Stepping ~*~*~tactically~*~*~ (hiding).
  9528 | D:9      | 9528 ||| DRINKING potion of cancellation.
  9578 | D:9      | Found a sparkling altar of Nemelex Xobeh.
  9756 | D:9      | 9756 ||| INVOKING Heroism.
  9758 | D:9      | 9758 ||| Stepping ~*~*~tactically~*~*~ (cloud).
  9760 | D:9      | 9760 ||| DROPPING ring of resist corrosion.
  9855 | D:9      | Noticed Joseph
  9880 | D:9      | Killed Joseph
  9996 | D:9      | 9996 ||| Stepping ~*~*~tactically~*~*~ (stealth).
  9999 | D:9      | 9999 ||| Stepping ~*~*~tactically~*~*~ (stealth).
 10145 | D:9      | HP: 12/59 [something (4)]
 10479 | D:9      | Found a staircase to the Orcish Mines.
 10537 | D:9      | 10537 ||| INVOKING Heroism.
 10546 | D:9      | Reached ***** piety under Okawaru
 10596 | D:9      | 10596 ||| DROPPING +0 flail.
 10683 | D:9      | Noticed a manticore
 10684 | D:9      | 10684 ||| INVOKING Heroism.
 10697 | D:9      | Killed a manticore
 10698 | D:9      | Reached skill level 3 in Throwing
 10698 | D:9      | Reached skill level 6 in Invocations
 10698 | D:9      | Reached XP level 11. HP: 25/63 MP: 14/16
 10947 | D:9      | 10947 ||| FLEEEEING.
 10948 | D:9      | 10948 ||| FLEEEEING.
 10949 | D:9      | 10949 ||| FLEEEEING.
 10950 | D:9      | 10950 ||| FLEEEEING.
 10951 | D:9      | 10951 ||| FLEEEEING.
 10952 | D:9      | 10952 ||| FLEEEEING.
 10953 | D:9      | 10953 ||| FLEEEEING.
 10954 | D:9      | 10954 ||| FLEEEEING.
 10955 | D:9      | 10955 ||| FLEEEEING.
 10956 | D:9      | 10956 ||| FLEEEEING.
 10957 | D:9      | 10957 ||| FLEEEEING.
 10960 | D:9      | 10960 ||| FLEEEEING.
 10961 | D:9      | 10961 ||| FLEEEEING.
 10962 | D:9      | 10962 ||| FLEEEEING.
 10963 | D:9      | 10963 ||| FLEEEEING.
 10964 | D:9      | 10964 ||| FLEEEEING.
 10965 | D:9      | 10965 ||| FLEEEEING.
 10966 | D:9      | 10966 ||| FLEEEEING.
 10970 | D:9      | 10970 ||| FLEEEEING.
 10971 | D:9      | 10971 ||| FLEEEEING.
 10972 | D:9      | 10972 ||| FLEEEEING.
 10973 | D:9      | 10973 ||| FLEEEEING.
 10977 | D:9      | 10977 ||| FLEEEEING.
 10978 | D:9      | 10978 ||| FLEEEEING.
 10979 | D:9      | 10979 ||| FLEEEEING.
 10980 | D:9      | 10980 ||| FLEEEEING.
 10981 | D:9      | 10981 ||| FLEEEEING.
 10982 | D:9      | 10982 ||| FLEEEEING.
 10983 | D:9      | 10983 ||| FLEEEEING.
 10984 | D:9      | 10984 ||| FLEEEEING.
 11003 | D:9      | 11003 ||| FLEEEEING.
 11017 | D:9      | 11017 ||| FLEEEEING.
 11019 | D:9      | 11019 ||| FLEEEEING.
 11026 | D:9      | 11026 ||| FLEEEEING.
 11115 | D:9      | 11115 ||| DRINKING 3 potions of curing.
 11115 | D:9      | 11115 ||| (to cure confusion)
 11122 | D:9      | 11122 ||| INVOKING Heroism.
 11134 | D:9      | 11134 ||| Stepping ~*~*~tactically~*~*~ (stealth).
 11156 | D:9      | 11156 ||| INVOKING Heroism.
 11163 | D:9      | Reached skill level 12 in Axes
 11164 | D:9      | Received a gift from Okawaru
 11501 | D:10     | Entered Level 10 of the Dungeon
 11527 | D:10     | 11527 ||| Stepping ~*~*~tactically~*~*~ (hiding).
 11536 | D:10     | 11536 ||| INVOKING Heroism.
 11654 | D:10     | 11654 ||| DROPPING +3 flail.
 11744 | D:10     | 11744 ||| INVOKING Heroism.
 11780 | D:10     | 11780 ||| Stepping ~*~*~tactically~*~*~ (stealth).
 11796 | D:10     | Reached skill level 6 in Armour
 11807 | D:10     | 11807 ||| SWAPPING to +5 war axe of freezing.
 11808 | D:10     | 11808 ||| DROPPING +2 war axe.
 11810 | D:10     | 11810 ||| Stepping ~*~*~tactically~*~*~ (hiding).
 11951 | D:10     | Found a staircase to the Lair.
 11977 | D:10     | 11977 ||| Stepping ~*~*~tactically~*~*~ (hiding).
 11982 | D:10     | 11982 ||| INVOKING Heroism.
 11983 | D:10     | 11983 ||| DRINKING 2 potions of curing.
 11983 | D:10     | 11983 ||| (to cure confusion)
 11984 | D:10     | 11984 ||| DRINKING potion of curing.
 11984 | D:10     | 11984 ||| (to cure confusion)
 12099 | D:10     | 12099 ||| READING scroll of enchant weapon.
 12099 | D:10     | 12099 ||| ENCHANTING +5 war axe of freezing.
 12364 | D:10     | 12364 ||| PLANNING LAIR
 12364 | D:10     | 12364 ||| UPGRADING to amulet of reflection.
 12374 | D:10     | 12374 ||| DROPPING amulet of the acrobat.
 12375 | D:10     | 12375 ||| READING 2 scrolls of identify.
 12375 | D:10     | 12375 ||| IDENTIFYING blue potion
 12376 | D:10     | 12376 ||| DROPPING potion of lignification.
 12411 | Lair:1   | Entered Level 1 of the Lair of Beasts
 12412 | Lair:1   | 12412 ||| INVOKING Heroism.
 12445 | Lair:1   | 12445 ||| INVOKING Heroism.
 12659 | Lair:1   | Received a gift from Okawaru
 12774 | Lair:1   | 12774 ||| Stepping ~*~*~tactically~*~*~ (stealth).
 12779 | Lair:1   | 12779 ||| Stepping ~*~*~tactically~*~*~ (stealth).
 12781 | Lair:1   | 12781 ||| Stepping ~*~*~tactically~*~*~ (stealth).
 12782 | Lair:1   | 12782 ||| INVOKING Heroism.
 12786 | Lair:1   | Reached skill level 6 in Fighting
 12966 | Lair:1   | Noticed a seven-headed hydra
 12968 | Lair:1   | 12968 ||| INVOKING Heroism.
 12969 | Lair:1   | 12969 ||| SWAPPING to +1 flail of draining.
 12970 | Lair:1   | 12970 ||| INVOKING Finesse.
 12979 | Lair:1   | Killed a seven-headed hydra
 12979 | Lair:1   | Received a gift from Okawaru
 12980 | Lair:1   | 12980 ||| SWAPPING to +6 war axe of freezing.
 13332 | Lair:1   | 13332 ||| INVOKING Heroism.
 13336 | Lair:1   | Received a gift from Okawaru
 13585 | Lair:2   | Identified the ring "Umoewn" {*Slow rPois rN+ EV+4 Str+3}
 13679 | Lair:2   | 13679 ||| INVOKING Heroism.
 13679 | Lair:2   | Noticed a death yak
 13680 | Lair:2   | 13680 ||| INVOKING Finesse.
 13690 | Lair:2   | Noticed a death yak
 13690 | Lair:2   | Noticed a death yak
 13690 | Lair:2   | Noticed a death yak
 13696 | Lair:2   | Identified the +5 tower shield of Focus {Str+5} (Okawaru
                  | gifted it to you on level 2 of the Lair of Beasts)
 13696 | Lair:2   | Received a gift from Okawaru
 13706 | Lair:2   | Killed a death yak
 13707 | Lair:2   | Reached XP level 12. HP: 51/70 MP: 13/19
 13718 | Lair:2   | Killed a death yak
 13718 | Lair:2   | HP: 4/70 [death yak (17)]
 13719 | Lair:2   | Reached skill level 9 in Invocations
 13719 | Lair:2   | 13719 ||| READING 4 scrolls of teleportation.
 13719 | Lair:2   | HP: 1/70 [death yak (3)]
 13720 | Lair:2   | 13720 ||| DRINKING potion of heal wounds.
 13722 | Lair:2   | Killed a death yak
 13728 | Lair:2   | Found a staircase to the Shoals.
 13758 | Lair:2   | Reached skill level 13 in Axes
 13864 | Lair:2   | 13864 ||| Stepping ~*~*~tactically~*~*~ (stealth).
 13865 | Lair:2   | 13865 ||| INVOKING Heroism.
 13866 | Lair:2   | 13866 ||| INVOKING Finesse.
 13873 | Lair:2   | Killed a death yak
 14225 | Lair:2   | Noticed a death yak
 14226 | Lair:2   | Noticed a death yak
 14226 | Lair:2   | 14226 ||| INVOKING Heroism.
 14227 | Lair:2   | 14227 ||| INVOKING Finesse.
 14228 | Lair:2   | Noticed a death yak
 14240 | Lair:2   | Killed a death yak
 14247 | Lair:2   | Killed a death yak
 14256 | Lair:2   | Killed a death yak
 14256 | Lair:2   | Received a gift from Okawaru
 14458 | Lair:2   | Identified the +5 leather armour "Reoc Supt" {Stlth+}
 14980 | Lair:2   | 14980 ||| UPGRADING to +1 cloak of preservation.
 14985 | Lair:2   | 14985 ||| UPGRADING to +5 tower shield of Focus {Str+5}.
 14995 | Lair:2   | 14995 ||| DROPPING +5 kite shield of Uvathene {+Blink rPois
                  | Dex-2}.
 14996 | Lair:2   | 14996 ||| UPGRADING to ring "Umoewn" {*Slow rPois rN+ EV+4
                  | Str+3}.
 14998 | Lair:2   | 14998 ||| UPGRADING to +4 ring of protection.
 15000 | Lair:2   | 15000 ||| DROPPING +6 ring of dexterity.
 15043 | Lair:3   | 15043 ||| INVOKING Heroism.
 15065 | Lair:3   | 15065 ||| Stepping ~*~*~tactically~*~*~ (stealth).
 15066 | Lair:3   | 15066 ||| Stepping ~*~*~tactically~*~*~ (stealth).
 15070 | Lair:3   | 15070 ||| Stepping ~*~*~tactically~*~*~ (stealth).
 15084 | Lair:3   | 15084 ||| Stepping ~*~*~tactically~*~*~ (stealth).
 15109 | Lair:3   | Noticed a death yak
 15109 | Lair:3   | Noticed a death yak
 15110 | Lair:3   | 15110 ||| INVOKING Heroism.
 15111 | Lair:3   | 15111 ||| INVOKING Finesse.
 15111 | Lair:3   | Noticed a death yak
 15112 | Lair:3   | 15112 ||| Stepping ~*~*~tactically~*~*~ (stealth).
 15118 | Lair:3   | Killed a death yak
 15119 | Lair:3   | Reached skill level 9 in Shields
 15124 | Lair:3   | Noticed a death yak
 15127 | Lair:3   | Killed a death yak
 15133 | Lair:3   | Killed a death yak
 15133 | Lair:3   | Noticed a death yak
 15135 | Lair:3   | 15135 ||| Stepping ~*~*~tactically~*~*~ (stealth).
 15144 | Lair:3   | Killed a death yak
 15146 | Lair:3   | 15146 ||| Stepping ~*~*~tactically~*~*~ (stealth).
 15173 | Lair:3   | 15173 ||| INVOKING Heroism.
 15174 | Lair:3   | 15174 ||| INVOKING Finesse.
 15179 | Lair:3   | Killed a death yak
 15247 | Lair:3   | 15247 ||| Stepping ~*~*~tactically~*~*~ (stealth).
 15249 | Lair:3   | Reached XP level 13. HP: 74/74 MP: 21/21
 15249 | Lair:3   | 15249 ||| Stepping ~*~*~tactically~*~*~ (stealth).
 15250 | Lair:3   | 15250 ||| Stepping ~*~*~tactically~*~*~ (stealth).
 15251 | Lair:3   | 15251 ||| Stepping ~*~*~tactically~*~*~ (stealth).
 15480 | Lair:3   | Noticed Snorg
 15481 | Lair:3   | 15481 ||| INVOKING Heroism.
 15482 | Lair:3   | 15482 ||| INVOKING Finesse.
 15491 | Lair:3   | Killed Snorg
 15532 | Lair:3   | 15532 ||| READING scroll of enchant weapon.
 15532 | Lair:3   | 15532 ||| ENCHANTING +6 war axe of freezing.
 15545 | Lair:3   | 15545 ||| INVOKING Heroism.
 15559 | Lair:3   | Found a hole to the Spider Nest.
 15584 | Lair:3   | 15584 ||| Stepping ~*~*~tactically~*~*~ (stealth).
 15585 | Lair:3   | 15585 ||| Stepping ~*~*~tactically~*~*~ (stealth).
 15602 | Lair:3   | 15602 ||| Stepping ~*~*~tactically~*~*~ (stealth).
 15610 | Lair:3   | 15610 ||| INVOKING Heroism.
 15615 | Lair:3   | 15615 ||| INVOKING Finesse.
 15624 | Lair:3   | 15624 ||| Stepping ~*~*~tactically~*~*~ (stealth).
 15627 | Lair:3   | 15627 ||| Stepping ~*~*~tactically~*~*~ (stealth).
 15629 | Lair:3   | 15629 ||| Stepping ~*~*~tactically~*~*~ (stealth).
 15630 | Lair:3   | 15630 ||| Stepping ~*~*~tactically~*~*~ (stealth).
 15652 | Lair:3   | Reached skill level 12 in Shields
 15653 | Lair:3   | 15653 ||| INVOKING Heroism.
 15809 | Lair:3   | 15809 ||| INVOKING Heroism.
 15987 | Lair:3   | 15987 ||| INVOKING Heroism.
 15988 | Lair:3   | 15988 ||| INVOKING Finesse.
 15993 | Lair:3   | 15993 ||| SWAPPING to +1 flail of draining.
 15995 | Lair:3   | 15995 ||| SWAPPING to +7 war axe of freezing.
 16181 | Lair:3   | 16181 ||| READING 4 scrolls of identify.
 16181 | Lair:3   | 16181 ||| IDENTIFYING bubbling emerald potion
 16182 | Lair:3   | 16182 ||| READING 3 scrolls of identify.
 16182 | Lair:3   | 16182 ||| IDENTIFYING silvery potion
 16183 | Lair:3   | 16183 ||| DROPPING potion of berserk rage.
 16262 | Lair:4   | 16262 ||| Stepping ~*~*~tactically~*~*~ (stealth).
 16277 | Lair:4   | 16277 ||| INVOKING Heroism.
 16278 | Lair:4   | 16278 ||| INVOKING Finesse.
 16370 | Lair:4   | 16370 ||| INVOKING Heroism.
 16370 | Lair:4   | Paralysed by a floating eye for 2 turns
 16385 | Lair:4   | Reached skill level 14 in Axes
 16390 | Lair:4   | Found a staircase to the Slime Pits.
 16390 | Lair:4   | Found a viscous altar of Jiyva.
 16396 | Lair:4   | 16396 ||| Stepping ~*~*~tactically~*~*~ (hiding).
 16523 | Lair:4   | 16523 ||| Stepping ~*~*~tactically~*~*~ (stealth).
 16534 | Lair:4   | 16534 ||| INVOKING Heroism.
 16539 | Lair:4   | Received a gift from Okawaru
 16633 | Lair:4   | 16633 ||| INVOKING Heroism.
 16644 | Lair:4   | 16644 ||| SWAPPING to +1 flail of draining.
 16645 | Lair:4   | 16645 ||| INVOKING Finesse.
 16647 | Lair:4   | 16647 ||| Stepping ~*~*~tactically~*~*~ (hiding).
 16648 | Lair:4   | 16648 ||| Stepping ~*~*~tactically~*~*~ (hiding).
 16649 | Lair:4   | 16649 ||| SWAPPING to +7 war axe of freezing.
 16659 | Lair:4   | 16659 ||| SWAPPING to +1 flail of draining.
 16660 | Lair:4   | Received a gift from Okawaru
 16662 | Lair:4   | 16662 ||| Stepping ~*~*~tactically~*~*~ (outnumbered).
 16664 | Lair:4   | 16664 ||| Stepping ~*~*~tactically~*~*~ (outnumbered).
 16665 | Lair:4   | 16665 ||| Stepping ~*~*~tactically~*~*~ (outnumbered).
 16673 | Lair:4   | 16673 ||| SWAPPING to +7 war axe of freezing.
 16762 | Lair:4   | 16762 ||| FLEEEEING.
 16763 | Lair:4   | 16763 ||| FLEEEEING.
 16770 | Lair:4   | 16770 ||| FLEEEEING.
 16774 | Lair:4   | 16774 ||| FLEEEEING.
 16775 | Lair:4   | 16775 ||| FLEEEEING.
 16776 | Lair:4   | 16776 ||| FLEEEEING.
 16777 | Lair:4   | 16777 ||| STAIRDANCE
 16812 | Lair:4   | 16812 ||| INVOKING Heroism.
 16813 | Lair:4   | 16813 ||| SWAPPING to +1 flail of draining.
 16814 | Lair:4   | 16814 ||| INVOKING Finesse.
 16822 | Lair:4   | Received a gift from Okawaru
 16823 | Lair:4   | 16823 ||| SWAPPING to +7 war axe of freezing.
 16926 | Lair:4   | 16926 ||| FLEEEEING.
 16927 | Lair:4   | 16927 ||| FLEEEEING.
 16928 | Lair:4   | 16928 ||| FLEEEEING.
 16929 | Lair:4   | 16929 ||| FLEEEEING.
 16930 | Lair:4   | 16930 ||| FLEEEEING.
 16931 | Lair:4   | 16931 ||| STAIRDANCE
 17399 | Lair:5   | Entered Level 5 of the Lair of Beasts
 17417 | Lair:5   | 17417 ||| Stepping ~*~*~tactically~*~*~ (stealth).
 17418 | Lair:5   | 17418 ||| FLEEEEING.
 17419 | Lair:5   | 17419 ||| FLEEEEING.
 17423 | Lair:5   | 17423 ||| INVOKING Heroism.
 17424 | Lair:5   | 17424 ||| INVOKING Finesse.
 17431 | Lair:5   | 17431 ||| SWAPPING to +1 flail of draining.
 17439 | Lair:5   | 17439 ||| SWAPPING to +7 war axe of freezing.
 17451 | Lair:5   | Reached XP level 14. HP: 68/82 MP: 17/22
 17545 | Lair:5   | 17545 ||| INVOKING Heroism.
 17546 | Lair:5   | 17546 ||| INVOKING Finesse.
 17660 | Lair:5   | 17660 ||| INVOKING Heroism.
 17669 | Lair:5   | 17669 ||| INVOKING Finesse.
 17672 | Lair:5   | Reached skill level 15 in Axes
 17734 | Lair:5   | Noticed a dire elephant
 17734 | Lair:5   | Noticed a dire elephant
 17734 | Lair:5   | Noticed a dire elephant
 17784 | Lair:5   | 17784 ||| Stepping ~*~*~tactically~*~*~ (stealth).
 17788 | Lair:5   | 17788 ||| Stepping ~*~*~tactically~*~*~ (stealth).
 17900 | Lair:5   | Received a gift from Okawaru
 17960 | Lair:5   | 17960 ||| INVOKING Heroism.
 17961 | Lair:5   | 17961 ||| INVOKING Finesse.
 17962 | Lair:5   | 17962 ||| INVOKING Finesse.
 17963 | Lair:5   | 17963 ||| SWAPPING to +1 flail of draining.
 17972 | Lair:5   | 17972 ||| SWAPPING to +7 war axe of freezing.
 18167 | Lair:5   | 18167 ||| INVOKING Heroism.
 18230 | Lair:5   | 18230 ||| FLEEEEING.
 18231 | Lair:5   | 18231 ||| FLEEEEING.
 18232 | Lair:5   | 18232 ||| FLEEEEING.
 18235 | Lair:5   | 18235 ||| FLEEEEING.
 18236 | Lair:5   | 18236 ||| FLEEEEING.
 18237 | Lair:5   | 18237 ||| FLEEEEING.
 18248 | Lair:5   | 18248 ||| FLEEEEING.
 18250 | Lair:5   | 18250 ||| FLEEEEING.
 18257 | Lair:5   | 18257 ||| STAIRDANCE
 18338 | Lair:4   | 18338 ||| DROPPING amulet of faith.
 18407 | Lair:5   | 18407 ||| Stepping ~*~*~tactically~*~*~ (stealth).
 18455 | Lair:5   | 18455 ||| INVOKING Heroism.
 18519 | Lair:5   | 18519 ||| Stepping ~*~*~tactically~*~*~ (hiding).
 18521 | Lair:5   | 18521 ||| Stepping ~*~*~tactically~*~*~ (hiding).
 18525 | Lair:5   | 18525 ||| INVOKING Heroism.
 18767 | Lair:5   | 18767 ||| Stepping ~*~*~tactically~*~*~ (hiding).
 18773 | Lair:5   | 18773 ||| INVOKING Heroism.
 18774 | Lair:5   | 18774 ||| INVOKING Finesse.
 18828 | Lair:5   | 18828 ||| INVOKING Heroism.
 18837 | Lair:5   | 18837 ||| INVOKING Finesse.
 18889 | Lair:5   | 18889 ||| SWAPPING to +0 broad axe of draining.
 18890 | Lair:5   | 18890 ||| DROPPING +7 war axe of freezing.
 18911 | Lair:5   | 18911 ||| INVOKING Heroism.
 18912 | Lair:5   | 18912 ||| Stepping ~*~*~tactically~*~*~ (hiding).
 18921 | Lair:5   | Killed a dire elephant
 18929 | Lair:5   | Killed a dire elephant
 18929 | Lair:5   | Received a gift from Okawaru
 18938 | Lair:5   | Killed a dire elephant
 19156 | Lair:5   | Identified the +1 scale mail of Zoedwa {Harm Fly Int-2}
 19207 | Lair:5   | Reached skill level 16 in Axes
 19219 | Lair:5   | 19219 ||| PLANNING D:1-11
 19387 | D:11     | Noticed Erica
 19388 | D:11     | 19388 ||| STAIRDANCE
 19394 | D:11     | 19394 ||| INVOKING Heroism.
 19395 | D:11     | 19395 ||| INVOKING Finesse.
 19404 | D:11     | Killed Erica
 19404 | D:11     | Received a gift from Okawaru
 19618 | D:11     | 19618 ||| READING scroll of enchant weapon.
 19618 | D:11     | 19618 ||| ENCHANTING +0 broad axe of draining.
 19648 | D:11     | Noticed Urug
 19649 | D:11     | 19649 ||| INVOKING Heroism.
 19650 | D:11     | 19650 ||| INVOKING Finesse.
 19655 | D:11     | Killed Urug
 19740 | D:11     | 19740 ||| PLANNING D
 19740 | D:11     | 19740 ||| UPGRADING to scarf of resistance.
 19802 | D:12     | 19802 ||| INVOKING Heroism.
 19803 | D:12     | 19803 ||| INVOKING Finesse.
 19871 | D:12     | 19871 ||| READING scroll of enchant weapon.
 19871 | D:12     | 19871 ||| ENCHANTING +1 broad axe of draining.
 19877 | D:12     | 19877 ||| Stepping ~*~*~tactically~*~*~ (stealth).
 19879 | D:12     | 19879 ||| Stepping ~*~*~tactically~*~*~ (stealth).
 19881 | D:12     | 19881 ||| Stepping ~*~*~tactically~*~*~ (stealth).
 19882 | D:12     | 19882 ||| INVOKING Heroism.
 19884 | D:12     | Reached skill level 6 in Dodging
 19884 | D:12     | 19884 ||| Stepping ~*~*~tactically~*~*~ (hiding).
 19894 | D:12     | 19894 ||| Stepping ~*~*~tactically~*~*~ (hiding).
 19895 | D:12     | 19895 ||| Stepping ~*~*~tactically~*~*~ (hiding).
 19897 | D:12     | 19897 ||| Stepping ~*~*~tactically~*~*~ (hiding).
 20010 | D:12     | Identified the +4 great sword of Duzuzoehi {flame, Str+4
                  | Int+2 SInv}
 20047 | D:12     | 20047 ||| Stepping ~*~*~tactically~*~*~ (hiding).
 20233 | D:12     | 20233 ||| Stepping ~*~*~tactically~*~*~ (stealth).
 20246 | D:12     | 20246 ||| Stepping ~*~*~tactically~*~*~ (stealth).
 20247 | D:12     | 20247 ||| FLEEEEING.
 20249 | D:12     | 20249 ||| FLEEEEING.
 20250 | D:12     | 20250 ||| FLEEEEING.
 20251 | D:12     | 20251 ||| FLEEEEING.
 20252 | D:12     | 20252 ||| FLEEEEING.
 20253 | D:12     | 20253 ||| FLEEEEING.
 20254 | D:12     | 20254 ||| FLEEEEING.
 20310 | D:12     | 20310 ||| Stepping ~*~*~tactically~*~*~ (stealth).
 20447 | D:12     | 20447 ||| INVOKING Heroism.
 20450 | D:12     | 20450 ||| SWAPPING to +1 flail of draining.
 20459 | D:12     | 20459 ||| SWAPPING to +2 broad axe of draining.
 20462 | D:12     | Reached XP level 15. HP: 55/88 MP: 23/23
 20632 | D:12     | 20632 ||| Stepping ~*~*~tactically~*~*~ (stealth).
 20634 | D:12     | 20634 ||| Stepping ~*~*~tactically~*~*~ (stealth).
 20635 | D:12     | 20635 ||| Stepping ~*~*~tactically~*~*~ (stealth).
 20636 | D:12     | 20636 ||| Stepping ~*~*~tactically~*~*~ (stealth).
 20637 | D:12     | 20637 ||| Stepping ~*~*~tactically~*~*~ (stealth).
 20639 | D:12     | 20639 ||| Stepping ~*~*~tactically~*~*~ (stealth).
 20641 | D:12     | 20641 ||| Stepping ~*~*~tactically~*~*~ (stealth).
 20642 | D:12     | 20642 ||| INVOKING Heroism.
 20771 | D:12     | Identified the +11 glaive of Quiescent Conscience {freeze,
                  | rF+ rN+++ Int-4 Stlth+}
 20772 | D:12     | 20772 ||| INVOKING Heroism.
 20780 | D:12     | Identified the +3 scale mail of the Sharp God {Str+5}
 20787 | D:12     | HP: 18/88 [mirror damage (14)]
 20788 | D:12     | 20788 ||| READING 4 scrolls of teleportation.
 20789 | D:12     | 20789 ||| DRINKING potion of heal wounds.
 20803 | D:12     | 20803 ||| Stepping ~*~*~tactically~*~*~ (stealth).
 20838 | D:12     | 20838 ||| INVOKING Heroism.
 20904 | D:12     | 20904 ||| INVOKING Heroism.
 20917 | D:12     | HP: 17/88 [mirror damage (20)]
 20918 | D:12     | 20918 ||| READING 3 scrolls of teleportation.
 20920 | D:12     | Reached skill level 17 in Axes
 20921 | D:12     | HP: 5/88 [boulder beetle (13)]
 20982 | D:12     | 20982 ||| Stepping ~*~*~tactically~*~*~ (stealth).
 20984 | D:12     | 20984 ||| Stepping ~*~*~tactically~*~*~ (stealth).
 20985 | D:12     | 20985 ||| Stepping ~*~*~tactically~*~*~ (stealth).
 20990 | D:12     | 20990 ||| Stepping ~*~*~tactically~*~*~ (stealth).
 21009 | D:12     | 21009 ||| Stepping ~*~*~tactically~*~*~ (stealth).
 21027 | D:12     | 21027 ||| Stepping ~*~*~tactically~*~*~ (stealth).
 21034 | D:12     | 21034 ||| INVOKING Heroism.
 21276 | D:12     | 21276 ||| DROPPING +1 flail of draining.
 21507 | D:12     | 21507 ||| READING scroll of enchant armour.
 21507 | D:12     | 21507 ||| ENCHANTING +1 plate armour.
 21597 | D:12     | 21597 ||| DROPPING +0 ice dragon scales.
 21650 | D:13     | 21650 ||| Stepping ~*~*~tactically~*~*~ (stealth).
 21651 | D:13     | Found a gate to the Vaults.
 21652 | D:13     | 21652 ||| Stepping ~*~*~tactically~*~*~ (stealth).
 21657 | D:13     | 21657 ||| INVOKING Heroism.
 21863 | D:13     | Reached skill level 9 in Fighting
 21865 | D:13     | Found a portal to a secret trove of treasure.
 21980 | D:13     | Noticed Nessos
 21981 | D:13     | 21981 ||| INVOKING Finesse.
 21982 | D:13     | Killed Nessos
 22001 | D:13     | 22001 ||| Stepping ~*~*~tactically~*~*~ (stealth).
 22002 | D:13     | 22002 ||| Stepping ~*~*~tactically~*~*~ (stealth).
 22073 | D:13     | 22073 ||| Stepping ~*~*~tactically~*~*~ (hiding).
 22323 | D:13     | 22323 ||| INVOKING Heroism.
 22519 | D:13     | 22519 ||| Stepping ~*~*~tactically~*~*~ (hiding).
 22521 | D:13     | 22521 ||| INVOKING Heroism.
 22870 | D:13     | Found a transporter.
 22872 | D:13     | Noticed Liimbo's ghost (journeyman FoWn)
 22874 | D:13     | Identified the +7 dire flail "Icott" {drain, rElec Str+2
                  | Int+3 Stlth-}
 22874 | D:13     | Identified the +6 dire flail "Xom's Full Attention"
                  | {vorpal, Dex+2}
 22875 | D:13     | Found a transporter.
 22930 | D:14     | 22930 ||| Stepping ~*~*~tactically~*~*~ (hiding).
 23352 | D:14     | 23352 ||| Stepping ~*~*~tactically~*~*~ (stealth).
 23658 | D:14     | 23658 ||| INVOKING Heroism.
 23882 | D:15     | Entered Level 15 of the Dungeon
 23894 | D:15     | 23894 ||| READING scroll of enchant armour.
 23894 | D:15     | 23894 ||| ENCHANTING +2 plate armour.
 23897 | D:15     | 23897 ||| INVOKING Heroism.
 23920 | D:15     | Found a staircase to the Depths.
 23930 | D:15     | Received a gift from Okawaru
 23931 | D:15     | Reached skill level 18 in Axes
 23992 | D:15     | 23992 ||| INVOKING Heroism.
 24008 | D:15     | Reached skill level 9 in Armour
 24281 | D:15     | 24281 ||| INVOKING Heroism.
 24540 | D:15     | Found a shimmering altar of Xom.
 24543 | D:15     | Found a shimmering altar of Xom.
 24543 | D:15     | Found a shimmering altar of Xom.
 24544 | D:15     | Found a shimmering altar of Xom.
 24544 | D:15     | Found a shimmering altar of Xom.
 24601 | D:15     | 24601 ||| Stepping ~*~*~tactically~*~*~ (hiding).
 24607 | D:15     | 24607 ||| INVOKING Heroism.
 24608 | D:15     | 24608 ||| INVOKING Finesse.
 24609 | D:15     | 24609 ||| SWAPPING to +3 morningstar.
 24610 | D:15     | 24610 ||| Stepping ~*~*~tactically~*~*~ (outnumbered).
 24611 | D:15     | 24611 ||| SWAPPING to +2 broad axe of draining.
 24613 | D:15     | 24613 ||| SWAPPING to +3 morningstar.
 24614 | D:15     | 24614 ||| Stepping ~*~*~tactically~*~*~ (outnumbered).
 24622 | D:15     | 24622 ||| SWAPPING to +2 broad axe of draining.
 24757 | D:15     | Noticed Agnes
 24758 | D:15     | 24758 ||| INVOKING Heroism.
 24759 | D:15     | 24759 ||| INVOKING Finesse.
 24764 | D:15     | Killed Agnes
 25021 | D:15     | 25021 ||| PLANNING ORC
 25189 | Orc:1    | Entered Level 1 of the Orcish Mines
 25226 | Orc:1    | 25226 ||| INVOKING Heroism.
 25312 | Orc:1    | 25312 ||| INVOKING Heroism.
 25316 | Orc:1    | 25316 ||| Stepping ~*~*~tactically~*~*~ (stealth).
 25322 | Orc:1    | Received a gift from Okawaru
 25324 | Orc:1    | Noticed an orc warlord
 25324 | Orc:1    | 25324 ||| INVOKING Finesse.
 25348 | Orc:1    | Killed an orc warlord
 25357 | Orc:1    | Identified the +3 scale mail "Ycexkev" {Int+2 SInv}
                  | (Okawaru gifted it to you on level 1 of the Orcish Mines)
 25357 | Orc:1    | Received a gift from Okawaru
 25548 | Orc:1    | 25548 ||| Stepping ~*~*~tactically~*~*~ (stealth).
 25550 | Orc:1    | 25550 ||| Stepping ~*~*~tactically~*~*~ (hiding).
 25558 | Orc:1    | 25558 ||| INVOKING Heroism.
 25577 | Orc:1    | 25577 ||| INVOKING Heroism.
 25587 | Orc:1    | Reached XP level 16. HP: 63/95 MP: 22/24
 25917 | Orc:2    | Entered Level 2 of the Orcish Mines
 25938 | Orc:2    | Found a staircase to the Elven Halls.
 25942 | Orc:2    | 25942 ||| STAIRDANCE
 26020 | Orc:2    | 26020 ||| INVOKING Heroism.
 26029 | Orc:2    | Paralysed by an orc sorcerer for 5 turns
 26038 | Orc:2    | Paralysed by an orc sorcerer for 5 turns
 26070 | Orc:2    | 26070 ||| Stepping ~*~*~tactically~*~*~ (stealth).
 26072 | Orc:2    | 26072 ||| Stepping ~*~*~tactically~*~*~ (stealth).
 26073 | Orc:2    | 26073 ||| Stepping ~*~*~tactically~*~*~ (stealth).
 26075 | Orc:2    | 26075 ||| Stepping ~*~*~tactically~*~*~ (stealth).
 26079 | Orc:2    | 26079 ||| Stepping ~*~*~tactically~*~*~ (stealth).
 26098 | Orc:2    | 26098 ||| Stepping ~*~*~tactically~*~*~ (stealth).
 26177 | Orc:2    | 26177 ||| Stepping ~*~*~tactically~*~*~ (hiding).
 26178 | Orc:2    | 26178 ||| Stepping ~*~*~tactically~*~*~ (hiding).
 26179 | Orc:2    | 26179 ||| INVOKING Heroism.
 26324 | Orc:2    | 26324 ||| INVOKING Heroism.
 26428 | Orc:2    | 26428 ||| INVOKING Heroism.
 26503 | Orc:2    | Found a shimmering blue altar of Sif Muna.
 26584 | Orc:2    | 26584 ||| INVOKING Heroism.
 26629 | Orc:2    | 26629 ||| Stepping ~*~*~tactically~*~*~ (stealth).
 26632 | Orc:2    | 26632 ||| INVOKING Heroism.
 26634 | Orc:2    | 26634 ||| Stepping ~*~*~tactically~*~*~ (stealth).
 26635 | Orc:2    | 26635 ||| Stepping ~*~*~tactically~*~*~ (stealth).
 26649 | Orc:2    | 26649 ||| Stepping ~*~*~tactically~*~*~ (hiding).
 26673 | Orc:2    | 26673 ||| INVOKING Heroism.
 26680 | Orc:2    | HP: 24/97 [orc high priest/nerve-wracking pain (4)]
 26681 | Orc:2    | 26681 ||| READING 3 scrolls of teleportation.
 26684 | Orc:2    | Slain by an orc knight

Levels and vault maps discovered:
D:1:      saegor_arrival_simple_c, layout_loops_ring
D:2:      layout_rooms, kennysheep_generic_room_3
D:3:      layout_rooms, shapermc_ecumenical_altar_mp_ritualfount,
          nicolae_figureground_pulse
D:4:      layout_loops_corners, temple_hall, uniq_grinder
D:5:      layout_basic, elyvilon_altar_5, serial_corexii_hall,
          corexii_hall_statues_deadend, corexii_hall_statues_deadend,
          corexii_hall_statues_t, chequers_hall_statues_corner_a,
          chequers_hall_statues_corner_a, corexii_hall_statues_u, minivault_1,
          uniq_eustachio
D:6:      minmay_inner_zag, layout_cave_pools, grunt_dithmenos_shadows,
          lemuel_flame_loot_1
D:7:      layout_rooms, mainiacjoe_overflow_paths, minivault_5,
          minmay_starry_boxes
D:8:      layout_gridville, uniq_gastronok
D:9:      layout_loops_corners, nemelex_diamond_rough_becter,
          minmay_orc_entry_temple_large, uniq_joseph
D:10:     layout_irregular_city, lair_entry_dummy
D:11:     layout_cross, uniq_erica, uniq_urug
D:12:     minmay_the_grid_octo_triangle [minmay_the_grid_octo_fat_diamond,
          minmay_the_grid_octo_prize_single_spiral,
          minmay_the_grid_octo_thin_diamonds], layout_basic
D:13:     layout_loops_ring, erik_vaults_2, gammafunk_ghost_smash,
          nicolae_trove_entry_crystal, uniq_nessos
D:14:     layout_roguey, serial_rivers, chequers_serial_rivers_room_b,
          chequers_serial_rivers_micro_a, chequers_serial_rivers_micro_b,
          chequers_serial_rivers_large_a, chequers_serial_rivers_micro_b,
          chequers_serial_rivers_micro_d, hangedman_decor_lopped
D:15:     grunt_enter_depths_magical_seal, layout_loops_cross, xom_redecorated,
          uniq_agnes
Temple:   hc_temple_tempest_star
Lair:1:   layout_chaotic_city, cheibrodos_lair_reptile_den
Lair:2:   layout_small_grid, minmay_shoals_entry_beasts
Lair:3:   layout_regular_city, hellmonk_spider_entry_not_the_bees, st_stairs_13,
          grunt_megastairs_3, serial_bayou_shore_b, uniq_snorg
Lair:4:   layout_loops_ring, minmay_slime_entry_eyes, serial_bayou_shore_a
Lair:5:   due_jungle_book, layout_concentric_octagons, lemuel_fruit_tree
Orc:1:    layout_caves, nicolae_orc_lava_tube, nicolae_orc_sculptors_studio
Orc:2:    st_orc_pillars, layout_caves, led_sif_book

Skill      XL: |  1  2  3  4  5  6  7  8  9 10 11 12 13 14 15 |
---------------+----------------------------------------------+-----
Axes           | 3 4 5 6 7 8 9 10 11 12 13 14 16 18 | 18.0
Armour         | 2 3 4 5 6 7 8 9 |  9.0
Fighting       | 3 4 5 6 7 8 9 |  9.8
Shields        | 2 5 7 8 10 12 13 14 | 14.6
Throwing       | 2 3 5 |  5.1
Invocations    | 3 4 6 8 10 | 10.0
Dodging        | 3 4 5 6 7 |  7.1
Spellcasting   | |  2.0
Translocations | |  2.4

Action                   |  1- 3 |  4- 6 |  7- 9 | 10-12 | 13-15 | 16-18 || total
-------------------------+-------+-------+-------+-------+-------+-------++-------
Melee: Hand axe          |    27 |       |       |       |       |       ||    27
       Kick              |    18 |    14 |    70 |   160 |   398 |    33 ||   693
       War axe           |    42 |    59 |   252 |   424 |   397 |       ||  1174
       Peck              |     7 |    13 |    46 |   106 |   255 |    12 ||   439
       Punch             |       |       |     1 |       |       |       ||     1
       Unarmed           |       |       |       |     9 |       |       ||     9
       Flail             |       |       |       |     9 |    39 |       ||    48
       Broad axe         |       |       |       |       |   494 |   102 ||   596
       Morningstar       |       |       |       |       |     7 |       ||     7
Throw: Boomerang         |     7 |       |    33 |    36 |    38 |       ||   114
       Javelin           |    11 |     9 |    46 |    26 |    96 |    14 ||   202
Invok: Heroism           |       |       |    11 |    22 |    44 |     7 ||    84
       Finesse           |       |       |       |     6 |    19 |       ||    25
  Use: Scroll            |     9 |     4 |    15 |     4 |     9 |     1 ||    42
       Potion            |     2 |       |     2 |     6 |     1 |       ||    11
 Stab: Distracted        |     1 |       |       |       |       |       ||     1
Armor: Leather armour    |     5 |       |       |       |       |       ||     5
       Ring mail         |    12 |       |       |       |       |       ||    12
       Plate armour      |     1 |    33 |   226 |   112 |   209 |    25 ||   606
Dodge: Dodged            |    35 |    17 |    68 |    75 |   164 |    17 ||   376
Block: Buckler           |       |       |    46 |       |       |       ||    46
       Kite shield       |       |       |    29 |   228 |       |       ||   257
       Reflection        |       |       |       |     1 |    31 |     5 ||    37
       Tower shield      |       |       |       |    36 |   940 |   110 ||  1086

Table legend:
 A = Non-vault XP
 B = Vault XP
 C = Vault XP percentage of total XP
 D = Non-vault monster count
 E = Vault monster count
 F = Vault count percentage of total count
                 A         B        C        D         E       F
            +---------+---------+-------+---------+---------+-------
      Total |   82713 |   51230 |  38.2 |     455 |     159 |  25.9
            +---------+---------+-------+---------+---------+-------
        D:1 |      21 |       0 |   0.0 |      11 |       0 |   0.0
        D:2 |      54 |       1 |   1.8 |      16 |       1 |   5.9
        D:3 |     163 |       0 |   0.0 |      19 |       0 |   0.0
        D:4 |     269 |     304 |  53.1 |      13 |       1 |   7.1
        D:5 |     621 |     197 |  24.1 |      22 |       1 |   4.3
        D:6 |     813 |     336 |  29.2 |      11 |       8 |  42.1
        D:7 |     953 |     140 |  12.8 |      21 |       2 |   8.7
        D:8 |    1067 |    1533 |  59.0 |      24 |       1 |   4.0
        D:9 |    2459 |    1049 |  29.9 |      26 |      22 |  45.8
       D:10 |    2657 |       0 |   0.0 |      22 |       0 |   0.0
       D:11 |    1458 |    1636 |  52.9 |       8 |       2 |  20.0
       D:12 |    5839 |    6877 |  54.1 |      20 |      14 |  41.2
       D:13 |    5169 |    7900 |  60.4 |      10 |       9 |  47.4
       D:14 |    7066 |       0 |   0.0 |      13 |       0 |   0.0
       D:15 |    5450 |    5560 |  50.5 |      17 |      10 |  37.0
     Lair:1 |    3743 |     224 |   5.6 |      14 |       7 |  33.3
     Lair:2 |    8938 |     793 |   8.1 |      21 |       2 |   8.7
     Lair:3 |    8801 |    7417 |  45.7 |      23 |      17 |  42.5
     Lair:4 |    8609 |     577 |   6.3 |      26 |       2 |   7.1
     Lair:5 |   10117 |   15117 |  59.9 |      32 |      33 |  50.8
      Orc:1 |    5422 |       0 |   0.0 |      51 |       0 |   0.0
      Orc:2 |    3024 |    1569 |  34.2 |      35 |      27 |  43.5
            +---------+---------+-------+---------+---------+-------
